 Dungeon Crawl Stone Soup version 0.31-a0-183-g4352c244c2 (webtiles) character file.

Game seed: 168700552280967568

918 Ijustatesigmund the Stinger (level 8, 0/51 HPs)
             Began as an Octopode Venom Mage on June 22, 2023.
             Slain by a vampire mosquito (7 damage)
             ... on level 5 of the Dungeon.
             The game lasted 00:14:29 (6454 turns).

Ijustatesigmund the Stinger (Octopode Venom Mage)   Turns: 6454, Time: 00:14:29

Health: 0/51       AC:  1    Str:  7    XL:     8   Next: 9%
Magic:  6/14       EV: 13    Int: 20    God:
Gold:   210        SH:  0    Dex: 18    Spells: 5/15 levels left

rFire   . . .        c - +1 spear (flame)
rCold   + . .        (no shield)
rNeg    . . .        (helmet restricted)
rPois   .            (no amulet)
rElec   .            e - +6 ring of dexterity
rCorr   .            i - ring of protection from cold
SInv    .            (no ring)
Will    .....        (no ring)
Stlth   +++          (no ring)
HPRegen 0.28/turn    (no ring)
MPRegen 0.14/turn    (no ring)
                     (no ring)

%: no passive effects
@: no status effects
A: almost no armour, amphibious, 8 rings, camouflage 1, gelatinous body 1,
(nimble swimmer 1), tentacles
a: no special abilities


You were on level 5 of the Dungeon.
You visited 2 branches of the dungeon, and saw 6 of its levels.

You collected 210 gold pieces.

Inventory:

Hand Weapons
 c - a +1 spear of flaming (weapon)
 d - a +0 war axe
Missiles
 k - a throwing net
Armour
 h - a +1 buckler
Jewellery
 e - a +6 ring of dexterity (left tentacle)
 i - a ring of protection from cold (right tentacle)
Wands
 f - a wand of iceblast (6)
Scrolls
 g - 2 scrolls of poison
 j - 2 scrolls of identify
 l - a scroll of revelation
Potions
 a - 2 potions of magic
 b - a potion of curing


   Skills:
 + Level 2.8 Fighting
 + Level 2.4 Axes
 - Level 2.0 Dodging
 - Level 2.6 Stealth
 + Level 4.1 Spellcasting
 + Level 3.5 Conjurations
 - Level 1.0 Transmutations
 + Level 3.6 Air Magic
 + Level 6.0 Poison Magic


You had 5 spell levels left.
You knew the following spells:

 Your Spells              Type           Power      Damage    Failure   Level
a - Sting                 Tmut/Pois      72%        1d6       3%          1
b - Poisonous Vapours     Pois/Air       46%        N/A       2%          2
c - Mephitic Cloud        Conj/Pois/Air  21%        N/A       6%          3
d - Olgreb's Toxic Radia  Pois           28%        N/A       11%         4

Your spell library contained the following spells:

 Spells                   Type           Power      Damage    Failure   Level


Dungeon Overview and Level Annotations

Branches:
Dungeon (5/15)             Temple (1/1) D:5

Altars:
Ashenzari
Cheibriados
Dithmenos
Elyvilon
Fedhas
Gozag
Kikubaaqudgha
Makhleb
Nemelex Xobeh
Okawaru
Ru
Sif Muna
Trog
Uskayaw
Vehumet
Xom
Yredelemnul
Zin
The Shining One


Innate Abilities, Weirdness & Mutations

You cannot wear most types of armour.
You are amphibious.
You can wear up to eight rings at the same time.
Your skin changes colour to match your surroundings (Stealth+).
Your rubbery body absorbs attacks. (AC +1, EV +1)
((You are camouflaged when in or above water. (Stealth+)))
You have tentacles for arms and can constrict up to eight enemies at once.


Message History

Casting: Mephitic Cloud (dangerous; 6% risk of failure)
Confirm with . or Enter, or press ? or * to list all spells.
You begin to radiate toxic energy.
You constrict the vampire mosquito. The vampire mosquito misses you.
A vampire mosquito comes into view.
The vampire mosquito barely misses you.
The vampire mosquito closely misses you.
You constrict the vampire mosquito. The vampire mosquito bites you.
The vampire mosquito draws strength from your injuries!
The vampire mosquito bites you.
The vampire mosquito draws strength from your injuries!
The vampire mosquito barely misses you. x2; The vampire mosquito bites you.
The vampire mosquito draws strength from your injuries!
The vampire mosquito barely misses you.
Okay, then.
You feel better.
Your toxic aura wanes.
You constrict the vampire mosquito. The vampire mosquito bites you.
The vampire mosquito draws strength from your injuries!
The vampire mosquito completely misses you.
The vampire mosquito bites you!
The vampire mosquito draws strength from your injuries!
The vampire mosquito completely misses you. x2
Okay, then.
Okay, then.
Casting: Olgreb's Toxic Radiance (dangerous; 11% risk of failure)
Confirm with . or Enter, or press ? or * to list all spells.
You can't see any susceptible monsters within range! (Use Z to cast anyway.) Unknown command.
You hit the vampire mosquito. You burn the vampire mosquito.
You squeeze the vampire mosquito.
The vampire mosquito is moderately damaged.
You constrict the vampire mosquito. The vampire mosquito bites you!
* * * LOW HITPOINT WARNING * * *
The vampire mosquito draws strength from your injuries!
The vampire mosquito bites you!
* * * LOW HITPOINT WARNING * * *
The vampire mosquito draws strength from your injuries!
The vampire mosquito bites you!
You die...

.. oo ####
##.###...# #
....+...#
^..#≈#^..#...#
≈...≈....#...#
#.##..# #####.##..##
#..@yy.....#
#..yy......# #....+
#..##......# #....#
#.. #.....## .#....#
#..######'##..##....
#..............#....
#..............#....
#..##...######.#.oo.
#...######.##...


You could see 4 vampire mosquitoes.

Vanquished Creatures
  Grinder (D:5)
  Sigmund (D:2)
  A water moccasin (D:4)
  3 hounds (D:5)
  2 orc priests (D:5)
  Jessica (D:2)
  2 orc wizards
  7 gnolls
  8 adders
  2 worms
  3 dart slugs
  7 orcs
  10 ball pythons
  3 endoplasms
  4 giant cockroaches
  4 goblins
  4 hobgoblins
  2 kobolds
  3 quokkas
  3 bats (D:1)
  7 rats
78 creatures vanquished.

Notes
Turn   | Place    | Note
-------+----------+-------------------------------------------
     0 | D:1      | Ijustatesigmund the Octopode Venom Mage began the quest for
                  | the Orb.
     0 | D:1      | Reached XP level 1. HP: 11/11 MP: 3/3
   113 | D:1      | Reached XP level 2. HP: 8/18 MP: 0/5
   166 | D:1      | Learned a level 2 spell: Poisonous Vapours
   378 | D:1      | Reached skill level 4 in Poison Magic
   716 | D:1      | Reached skill level 1 in Fighting
  1134 | D:2      | Reached XP level 3. HP: 23/23 MP: 1/6
  1138 | D:2      | Learned a level 3 spell: Mephitic Cloud
  1229 | D:2      | Noticed Sigmund
  1499 | D:2      | Reached skill level 1 in Air Magic
  1644 | D:3      | Reached XP level 4. HP: 14/28 MP: 4/7
  1648 | D:3      | Reached skill level 1 in Conjurations
  1738 | D:3      | You fall into a shaft and drop 1 floor!
  2107 | D:4      | Noticed Grinder
  2118 | D:5      | Entered Level 5 of the Dungeon
  2179 | D:5      | Found a staircase to the Ecumenical Temple.
  2186 | Temple   | Entered the Ecumenical Temple
  2300 | D:5      | Reached XP level 5. HP: 12/33 MP: 3/9
  2810 | Temple   | Learned a level 4 spell: Olgreb's Toxic Radiance
  3318 | D:5      | Reached skill level 5 in Poison Magic
  3659 | D:5      | Reached XP level 6. HP: 26/38 MP: 7/10
  4317 | D:3      | Identified the +7 sling of Indomitability {flame, rCorr
                  | Str+4}
  4541 | D:2      | Noticed Jessica
  4545 | D:2      | Killed Jessica
  4695 | D:2      | Killed Sigmund
  4696 | D:2      | Reached skill level 1 in Axes
  4696 | D:2      | Reached XP level 7. HP: 44/44 MP: 6/12
  5265 | D:4      | Found a white marble altar of Elyvilon.
  6124 | D:5      | Killed Grinder
  6125 | D:5      | Reached skill level 6 in Poison Magic
  6125 | D:5      | Reached XP level 8. HP: 8/51 MP: 12/14
  6454 | D:5      | Slain by a vampire mosquito

Illustrated notes

Levels and vault maps discovered:
D:1:      spicycebolla_arrival_ecumenical, layout_loops_cross, minmay_cupped
D:2:      layout_basic, uniq_jessica, uniq_sigmund
D:3:      layout_loops_cross
D:4:      layout_basic, nicolae_elyvilon_temple_path, uniq_grinder
D:5:      layout_gridville, grunt_qazlal_sundering, minmay_temple_entry_tees,
          grunt_ministairs_13
Temple:   dpeg_five_rooms_temple

Skill      XL: |  1  2  3  4  5  6  7 |
---------------+----------------------+-----
Poison Magic   | 4 5 6 |  6.0
Fighting       | 1 2 |  2.8
Air Magic      | 1 2 3 |  3.6
Conjurations   | 1 2 3 |  3.5
Spellcasting   | 3 4 |  4.1
Axes           | 1 2 |  2.4
Dodging        | |  2.0
Stealth        | |  2.6
Transmutations | |  1.0

Action                     |  1- 3 |  4- 6 |  7- 9 || total
---------------------------+-------+-------+-------++-------
  Melee: Unarmed           |     5 |       |       ||     5
         Constrict         |     7 |    19 |    10 ||    36
         Tentacles         |     5 |     9 |    10 ||    24
         Hand axe          |    21 |    41 |       ||    62
         Punch             |     1 |       |       ||     1
         Dagger            |       |     3 |       ||     3
         Spear             |       |    29 |    43 ||    72
   Cast: Sting             |    21 |    12 |     1 ||    34
         Poisonous Vapours |    18 |    21 |    18 ||    57
         Mephitic Cloud    |       |     4 |     5 ||     9
         Olgreb's Toxic Ra |       |     1 |     1 ||     2
  Evoke: Wand              |       |       |     1 ||     1
    Use: Scroll            |     2 |     4 |     1 ||     7
         Potion            |     1 |     1 |     1 ||     3
   Stab: Sleeping          |     2 |     1 |       ||     3
         Confused          |       |     1 |       ||     1
 Armour: Skin              |     4 |     3 |     3 ||    10
  Dodge: Dodged            |    24 |    41 |    25 ||    90

Table legend: (Time is in decaauts)
 A = Elapsed time spent in this place.
 B = Non-inter-level travel time spent in this place.
 C = Inter-level travel time spent in this place.
 D = Time resting spent in this place.
 E = Time spent auto-exploring this place.
 F = Levels seen in this place.
 G = Mean time per level.
                   A        B        C        D        E       F      G
               +--------+--------+--------+--------+--------+-----+--------+
         Total |   6487 |   6343 |    144 |   2499 |   2945 |   6 | 1081.2 |
       Dungeon |   5736 |   5623 |    113 |   2062 |   2697 |   5 | 1147.2 |
        Temple |    751 |    720 |     31 |    437 |    248 |   1 |  751.0 |
               +--------+--------+--------+--------+--------+-----+--------+

Top non-repeatable levels by time:
     D:4: 1353 daAuts
     D:5: 1207 daAuts
     D:2: 1207 daAuts
     D:1: 1125 daAuts
     D:3: 841 daAuts
  Temple: 751 daAuts
